 Dungeon Crawl Stone Soup version 0.25.1-2-g60ff931df9 (webtiles) character file.

Game seed: 4116101167586820257

1109 H0rd4k the Insei (level 8, -6/75 HPs)
             Began as an Octopode Transmuter on Aug 3, 2020.
             Was an Initiate of Gozag.
             Killed from afar by an electric eel (10 damage)
             ... with a bolt of electricity
             ... on level 6 of the Dungeon.
             The game lasted 00:09:46 (7353 turns).

H0rd4k the Insei (Octopode Transmuter)              Turns: 7353, Time: 00:09:48

Health: -6/75      AC: 24    Str:  7 (10) XL:     8   Next: 33%
Magic:  13/14      EV:  2    Int: 14 (17) God:    Gozag
Gold:   284        SH:  0    Dex: 11 (12) Spells: 9/15 levels left

rFire    + . .     SeeInvis .     - Unarmed
rCold    x . .     Gourm    .   (no shield)
rNeg     + + +     Faith    .   (helmet currently unavailable)
rPois    +         Spirit   .   (no amulet)
rElec    .         Reflect  .   o - ring of fire (curse)
rCorr    .         Harm     .   (no ring)
MR       .....     NoTele   +   (no ring)
Stlth    ++........             (no ring)
HPRegen  0.22/turn              (no ring)
MPRegen  0.14/turn              (no ring)
                                (no ring)
                                (no ring)

@: tree-form, stab
A: almost no armour, stealthy swim, (amphibious), 8 rings, (constrict 8)
a: Potion Petition, Call Merchant, Bribe Branch, Renounce Religion


You were on level 6 of the Dungeon.
You worshipped Gozag.
Gozag was aware of your devotion.
You were hungry.
You were a tree.
You visited 2 branches of the dungeon, and saw 7 of its levels.

You collected 375 gold pieces.
You paid 91 gold pieces to Gozag.

Inventory:

Missiles
 a - 122 arrows
 t - 3 silver boomerangs (quivered)
Armour
 f - a +2 hat (melded)
Jewellery
 o - a cursed ring of fire (left branch)
Wands
 l - a wand of disintegration (1)
 u - a wand of iceblast (14)
 y - a wand of polymorph (8)
 B - a wand of acid (5)
Scrolls
 b - 3 scrolls of magic mapping {unknown}
 d - 2 scrolls of enchant weapon {unknown}
 e - 2 scrolls of fear {unknown}
 g - 2 scrolls of teleportation {unknown}
 j - 6 scrolls of remove curse {unknown}
 m - a scroll of random uselessness {unknown}
 n - 2 scrolls of immolation {unknown}
 p - 3 scrolls of enchant armour {unknown}
 r - 5 scrolls of identify {unknown}
 x - a scroll of amnesia {unknown}
 z - a scroll of fog {unknown}
Potions
 i - a potion of lignification
 q - a potion of invisibility {unknown}
 s - a potion of experience {unknown}
 v - 2 potions of brilliance {unknown}
 w - 2 potions of haste {unknown}
 A - a potion of heal wounds {unknown}
 C - a potion of curing {unknown}
Comestibles
 c - 6 rations


   Skills:
 + Level 2.0 Fighting
 + Level 1.1 Throwing
 + Level 3.3 Dodging
 + Level 4.3 Stealth
 + Level 5.9 Unarmed Combat
 * Level 4.4 Spellcasting
 * Level 4.6 Transmutations
 + Level 0.1 Poison Magic
 + Level 1.3 Evocations


You had 9 spell levels left.
You knew the following spells:

 Your Spells              Type           Power        Failure   Level  Hunger
a - Beastly Appendage     Tmut           ###...       2%          1    None
b - Sticks to Snakes      Tmut           ###.....     4%          2    ##.....
c - Spider Form           Tmut/Pois      #.........   21%         3    ###....

Your spell library contained the following spells:

 Spells                   Type           Power        Failure   Level  Hunger
 Ice Form                 Ice/Tmut       #.......     56%         4    ####...
 Blade Hands              Tmut           ###.......   58%         5    ######.


Dungeon Overview and Level Annotations

Branches:
Dungeon (6/15)             Temple (1/1) D:5

Altars:
Dithmenos
Elyvilon
Fedhas
Gozag
Hepliaklqana
Makhleb
Nemelex Xobeh
Okawaru
Trog
Uskayaw
Vehumet
Wu Jian
Xom
Yredelemnul
Zin
The Shining One

Annotations:
D:4 exclusion: upstairs
D:6 exclusions: orc, orc priest, orc warrior and sky beast


Innate Abilities, Weirdness & Mutations

You cannot wear most types of armour.
You are very stealthy in the water. (Stealth+)
((You are amphibious.))
You can wear up to eight rings at the same time.
((You can use your tentacles to constrict eight enemies at once.))
((Your skin changes colour to match your surroundings (Stealth+).))
((Your rubbery body absorbs attacks. (AC +1, EV +1)))


Message History

* * * LOW HITPOINT WARNING * * *
The bolt of electricity hits you!
* * * LOW HITPOINT WARNING * * *
It was a potion of lignification.
Your tentacle spike disappears.
You turn into a tree.
Your +2 hat melds into your body.
Your roots penetrate the ground.
It was a potion of degeneration.
There was something very wrong with that liquid.
You feel weakened.
You feel dopey.
You feel clumsy.
It was a potion of stabbing.
You feel ready to backstab.
You smack the electric eel!
The electric eel is heavily wounded.
The electric eel shoots out a bolt of lightning at you!
The bolt of electricity hits you.
* * * LOW HITPOINT WARNING * * *
The bolt of electricity hits you!
You die...
Your body crumbles into a pile of gold.

#########################
#######.........♣..............
........≈.≈...≈≈;≈≈.≈.≈≈≈≈≈.≈≈≈
#######..≈≈≈≈≈≈≈≈≈≈≈≈≈≈≈≈≈.≈≈≈;
#..≈♣♣♣≈≈≈♣♣♣≈≈≈♣♣♣≈.≈♣♣♣
....≈♣ ♣≈≈≈♣ ♣≈.≈♣ ≈≈≈♣ .###≈≈♣
♣≈.≈♣ ♣≈≈≈♣ ≈≈≈♣ #
#≈≈≈≈≈≈≈≈≈≈≈≈≈≈≈≈ .≈≈≈
#≈≈≈≈≈≈≈≈.≈≈.≈≈≈≈ ..≈. #.≈≈≈≈


You could see an electric eel.

Vanquished Creatures
  Pikel (D:6)
  A slave (D:6)
  2 ogres (D:6)
  A scorpion (D:6)
  A crimson imp (D:5)
  4 orc priests
  2 hounds (D:4)
  An orc wizard (D:6)
  An iguana (D:4)
  3 worker ants
  An adder (D:5)
  3 gnolls (D:5)
  An adder skeleton (D:6)
  A worm (D:3)
  2 leopard geckos
  12 orcs
  9 bats
  A giant cockroach (D:1)
  3 goblins
  6 hobgoblins
  4 jackals (D:3)
  A quokka (D:4)
  A ball python zombie (D:6)
  7 frilled lizards
  A giant cockroach zombie (D:5)
  8 kobolds
  A leopard gecko skeleton (D:4)
  A quokka skeleton (D:5)
  5 rats
85 creatures vanquished.

Notes
Turn   | Place    | Note
-------+----------+-------------------------------------------
     0 | D:1      | H0rd4k the Octopode Transmuter began the quest for the Orb.
     0 | D:1      | Reached XP level 1. HP: 13/13 MP: 3/3
    76 | D:1      | Reached XP level 2. HP: 8/18 MP: 5/5
  1357 | D:2      | Reached skill level 1 in Stealth
  1357 | D:2      | Reached XP level 3. HP: 19/23 MP: 6/6
  1361 | D:2      | Learned a level 2 spell: Sticks to Snakes
  1365 | D:2      | Learned a level 3 spell: Spider Form
  2239 | D:4      | Reached XP level 4. HP: 26/28 MP: 5/7
  2265 | D:4      | Reached skill level 4 in Unarmed Combat
  2907 | D:3      | Reached XP level 5. HP: 2/33 MP: 8/8
  3188 | D:4      | Found a shimmering altar of Xom.
  3188 | D:4      | Found a shimmering altar of Xom.
  3990 | D:4      | Found a shimmering altar of Xom.
  3993 | D:4      | Found a shimmering altar of Xom.
  3993 | D:4      | Found a shimmering altar of Xom.
  4375 | D:4      | Found a basalt altar of Yredelemnul.
  4778 | D:4      | Reached XP level 6. HP: 38/38 MP: 8/10
  4924 | D:5      | Entered Level 5 of the Dungeon
  5752 | D:5      | Found a staircase to the Ecumenical Temple.
  6088 | D:6      | Noticed a sky beast
  6108 | D:6      | Noticed an orc warrior
  6177 | Temple   | Entered the Ecumenical Temple
  6306 | Temple   | Became a worshipper of Gozag Ym Sagoz the Greedy
  6446 | D:6      | Noticed a slave
  6452 | D:6      | Found a sparkling altar of Nemelex Xobeh.
  6467 | D:6      | Noticed Pikel
  6481 | D:6      | Killed a slave
  6488 | D:6      | Noticed a slave
  6488 | D:6      | Noticed a slave
  6488 | D:6      | Noticed a slave
  6750 | D:6      | Found a hazy altar of Hepliaklqana.
  6856 | D:6      | Reached XP level 7. HP: 43/43 MP: 10/12
  6919 | D:6      | Reached skill level 5 in Unarmed Combat
  6962 | D:6      | Killed Pikel
  6962 | D:6      | Reached skill level 1 in Throwing
  6962 | D:6      | Reached skill level 1 in Evocations
  6962 | D:6      | Reached XP level 8. HP: 47/50 MP: 12/14
  7353 | D:6      | Killed from afar by an electric eel

Illustrated notes

Levels and vault maps discovered:
D:1:      minmay_arrival_open_corners, layout_rooms, minmay_hedge_maze
D:2:      layout_basic, grunt_ministairs_9
D:3:      layout_basic, first_ration, minmay_misc_feat_plants
D:4:      layout_basic, nicolae_overflow_hidden_temple, xom_redecorated
D:5:      layout_loops_ring, temple_hall
D:6:      layout_loops_cross, lemuel_doored_altar, kennysheep_mini_moat,
          kennysheep_boxes, uniq_pikel
Temple:   dpeg_five_rooms_temple

Skill      XL: |  1  2  3  4  5  6  7  8 |
---------------+-------------------------+-----
Stealth        | 1 2 3 4 |  4.3
Unarmed Combat | 4 5 |  5.9
Spellcasting   | 3 4 |  4.4
Transmutations | 3 4 |  4.6
Dodging        | 3 |  3.3
Throwing       | 1 |  1.1
Evocations     | 1 |  1.3
Fighting       | 2 |  2.0
Poison Magic   | |  0.1

Action                   |  1- 3 |  4- 6 |  7- 9 || total
-------------------------+-------+-------+-------++-------
Melee: Unarmed           |    79 |   151 |    16 ||   246
       Constrict         |    16 |    37 |       ||    53
       Tentacles         |    10 |    25 |       ||    35
       Kick              |       |    32 |       ||    32
       Punch             |       |     5 |       ||     5
Throw: Boomerang         |       |     7 |     2 ||     9
 Cast: Beastly Appendage |     1 |    19 |     1 ||    21
       Spider Form       |       |       |     3 ||     3
Evoke: Wand              |       |     6 |     3 ||     9
  Use: Potion            |       |       |     3 ||     3
 Stab: Sleeping          |     3 |     7 |       ||    10
  Eat: Chunk             |     4 |    12 |       ||    16
       Ration            |       |     1 |       ||     1
Armor: Skin              |     7 |    15 |       ||    22
Dodge: Dodged            |    67 |    86 |     7 ||   160
